 Dungeon Crawl Stone Soup version 0.20-a0-1127-g1289703 (webtiles) character file.

319 Manul the Slasher (level 6, -4/53 HPs)
             Began as a Draconian Monk on May 18, 2017.
             Killed by divine providence
             ... invoked by an orc priest
              (9 damage)
             ... on level 4 of the Dungeon.
             The game lasted 00:04:08 (3756 turns).

Manul the Slasher (Draconian Monk)                  Turns: 3756, Time: 00:04:08

Health: -4/53      AC:  6    Str: 14    XL:     6   Next: 21%
Magic:  6/6        EV: 19    Int: 10    God:
Gold:   93         SH:  4    Dex: 20    Spells: 5/5 levels left

rFire    + . .     SeeInvis .   a - +0 falchion
rCold    . . .     Gourm    .   q - +0 buckler
rNeg     . . .     Faith    .   (armour unavailable)
rPois    .         Spirit   .   (helmet restricted)
rElec    .         Reflect  .   (no cloak)
rCorr    .         Harm     .   (no gloves)
MR       .....                  (no boots)
Stlth    ++++......             f - amulet of magic regeneration
Regen    0.2/turn               i - ring of protection from fire
MPRegen  0.2/turn               (no ring)

@: agile
A: unfitting armour, cold-blooded, AC +6
a: no special abilities


You were on level 4 of the Dungeon.
You were not hungry.

You visited 1 branch of the dungeon, and saw 4 of its levels.

You collected 93 gold pieces.

Inventory:

Hand Weapons
 a - a +0 falchion (weapon)
Missiles
 h - a throwing net (quivered)
Armour
 e - a +0 shield
 q - a +0 buckler (worn)
Jewellery
 f - an amulet of magic regeneration (around neck)
 i - a ring of protection from fire (left hand)
Scrolls
 d - a scroll of enchant armour {unknown}
 j - a scroll of identify {unknown}
 m - 4 scrolls of remove curse {unknown}
 p - a scroll of fog {unknown}
 s - a scroll of amnesia {unknown}
Potions
 g - a potion of curing
 r - a potion of agility
Comestibles
 b - 2 bread rations
 c - 2 chunks of flesh
 l - 5 fruits
 n - a meat ration
 o - a royal jelly


   Skills:
 + Level 4.5 Fighting
 + Level 5.2 Long Blades
 + Level 3.7 Dodging
 - Level 2.8 Stealth


You had 5 spell levels left.
You didn't know any spells.

Dungeon Overview and Level Annotations

Branches:
Dungeon (4/15)
 Temple: D:4-7

Altars:
Fedhas
Nemelex Xobeh
Okawaru
Qazlal
Trog
Yredelemnul
The Shining One

Annotations:
D:4 Dowan, Duvessa


Innate Abilities, Weirdness & Mutations

Your plain brown scales are hard. (AC +6)
You cannot fit into any form of body armour.
You are cold-blooded and may be slowed by cold attacks.


Message History

You hit the orc.
You kill the orc!
The orc priest looks braver for a moment.
The orc wizard casts a spell at you. The puff of flame misses you.
You hit the orc wizard but do no damage.
Your tail-slap misses the orc wizard.
You block the orc wizard's attack. The orc wizard barely misses you.
You closely miss the orc wizard.
The orc priest invokes the aid of Beogh against you.
Beogh smites you!
* * * LOW HITPOINT WARNING * * *
The orc wizard barely misses you.
You riposte.
You hit the orc wizard but do no damage.
You hit the orc wizard.
The orc wizard is lightly wounded.
The orc wizard hits you but does no damage.
The orc priest mumbles some strange prayers to Beogh against you.
Beogh smites you!
You die...

* * *****************### *
,,,,,,,,,,,,,,,,,..# *
*****************#.# * #########
#.# * ........# #.# *#######****
........##########.###.......,,**
................@oo..+?......,,**
........##########o###.......,,,,
.............................,,,*
...............%......)......,,,,
..<.....###.##########.......,,,*
............# *##..#..,,,,
........########********,.#,,,,,,
........'.......,,,,,,,,,,#,,,,,,
........########*********,*,,,,,,


You could see 2 orc priests and an orc wizard.

Vanquished Creatures
  Purgy (D:3)
  An orc priest (D:3)
  Jessica (D:3)
  Natasha (D:3)
  A gnoll (D:2)
  2 adders (D:2)
  4 worms
  3 dart slugs
  8 orcs
  8 bats
  2 giant cockroaches
  10 goblins
  12 hobgoblins
  9 jackals (D:3)
  13 kobolds
  2 ball pythons
  3 frilled lizards
  7 rats
88 creatures vanquished.

Notes
Turn   | Place    | Note
-------+----------+-------------------------------------------
     0 | D:1      | Manul the Draconian Monk began the quest for the Orb.
     0 | D:1      | Reached XP level 1. HP: 19/19 MP: 1/1
   128 | D:1      | Reached XP level 2. HP: 7/27 MP: 2/2
  1348 | D:2      | Found an iron altar of Okawaru.
  1384 | D:2      | Reached XP level 3. HP: 26/33 MP: 3/3
  1486 | D:2      | Found a bloodstained altar of Trog.
  1488 | D:2      | Found an iron altar of Okawaru.
  1594 | D:2      | Found a basalt altar of Yredelemnul.
  1731 | D:2      | Reached XP level 4. HP: 26/40 MP: 4/4
  1940 | D:2      | Found a sparkling altar of Nemelex Xobeh.
  1947 | D:2      | Found a glowing golden altar of the Shining One.
  2444 | D:3      | Reached skill level 4 in Long Blades
  2640 | D:3      | Noticed Purgy
  2695 | D:3      | Killed Purgy
  2695 | D:3      | Reached XP level 5. HP: 24/46 MP: 5/5
  3002 | D:3      | Noticed Jessica
  3028 | D:3      | Killed Jessica
  3028 | D:3      | Reached skill level 5 in Long Blades
  3032 | D:3      | Reached XP level 6. HP: 43/53 MP: 6/6
  3122 | D:3      | Noticed Natasha
  3153 | D:3      | Killed Natasha
  3667 | D:4      | Noticed Duvessa
  3669 | D:4      | Noticed Dowan
  3704 | D:4      | Found a blossoming altar of Fedhas.
  3704 | D:4      | Found a stormy altar of Qazlal.
  3756 | D:4      | Killed from afar by an orc priest

Vault maps used:
D:1:      matt_arrival_los_fun, roderic_cross_of_infinity
D:2:      nicolae_overflow_hidden_temple, yredelemnul_altar_generic,
          grunt_temple_overflow_open, okawaru_altar_gauntlet_db
D:3:      uniq_purgy, uniq_jessica, uniq_natasha
D:4:      grunt_temple_overflow_forces_of_nature,
          chequers_temple_overflow_statue_of_worship, first_bread,
          hangedman_abyss_or_decor_stabs, uniq_duvessa, uniq_blork_the_orc,
          uniq_eustachio, uniq_menkaure

Skill      XL: |  1  2  3  4  5 |
---------------+----------------+-----
Dodging        | 3 |  3.7
Stealth        | 2 |  2.8
Fighting       | 4 |  4.5
Long Blades    | 4 5 |  5.2

Action                   |  1- 3 |  4- 6 || total
-------------------------+-------+-------++-------
Melee: Falchion          |   112 |   174 ||   286
       Tailslap          |    14 |    25 ||    39
  Use: Potion            |       |     8 ||     8
       Scroll            |       |     1 ||     1
 Stab: Sleeping          |     5 |     4 ||     9
  Eat: Chunk             |     3 |     6 ||     9
Armor: Skin              |    38 |    52 ||    90
Dodge: Dodged            |   102 |   145 ||   247
Block: Buckler           |       |     6 ||     6
       Rpst.: Falchion   |    29 |    33 ||    62
